 Dungeon Crawl Stone Soup version 0.24-a0-474-g47c397e (webtiles) character file.

Game seed: 1341082018526756781

6052 Spazmo the Thaumaturge (level 10, -2/50 HPs)
             Began as a Deep Elf Fire Elementalist on July 4, 2019.
             Was a Priest of Vehumet.
             Shot with an arrow by a centaur (10 damage)
             ... on level 10 of the Dungeon.
             The game lasted 00:25:07 (7733 turns).

Spazmo the Thaumaturge (Deep Elf Fire Elementalist) Turns: 7733, Time: 00:25:08

Health: -2/50      AC:  6    Str: 11    XL:     10   Next: 57%
Magic:  26/28      EV: 13    Int: 24    God:    Vehumet [***...]
Gold:   360        SH:  4    Dex: 18    Spells: 12/33 levels left

rFire    . . .     SeeInvis .   u - +6 dagger "Dutonur" {venom, MR+ Dex+3}
rCold    . . .     Gourm    .   (no shield)
rNeg     . . .     Faith    .   a - +0 robe
rPois    .         Spirit   .   n - +0 helmet
rElec    .         Reflect  +   o - +1 cloak
rCorr    .         Harm     .   e - +0 pair of gloves
MR       ++...                  (no boots)
Stlth    ++........             s - +4 amulet of reflection
HPRegen  0.16/turn              h - +6 ring of strength
MPRegen  0.21/turn              (no ring)

@: no status effects
A: no striking features
a: Renounce Religion


You were on level 10 of the Dungeon.
You worshipped Vehumet.
Vehumet was most pleased with you.
You were not hungry.

You visited 1 branch of the dungeon, and saw 10 of its levels.

You collected 360 gold pieces.

Inventory:

Hand Weapons
 u - the +6 dagger "Dutonur" (weapon) {venom, MR+ Dex+3}
   (You found it on level 6 of the Dungeon)

   It poisons the flesh of those it strikes.
   It affects your dexterity (+3).
   It affects your resistance to hostile enchantments.
Missiles
 i - 251 stones (quivered)
Armour
 a - a +0 robe (worn)
 e - a +0 pair of gloves (worn)
 n - a +0 helmet (worn)
 o - a +1 cloak (worn)
Jewellery
 g - an uncursed amulet of faith
 h - a +6 ring of strength (left hand)
 s - a +4 amulet of reflection (around neck)
Wands
 r - a wand of flame (28)
Scrolls
 k - a scroll of magic mapping
 m - 5 scrolls of remove curse
 p - 3 scrolls of teleportation
Potions
 b - a potion of heal wounds
 d - a potion of invisibility
 f - 5 potions of curing
 l - a potion of brilliance
 q - a potion of ambrosia {unknown}
 t - a potion of agility {unknown}
 v - a potion of mutation {unknown}
Comestibles
 c - 19 rations
 w - 4 chunks of flesh


   Skills:
 - Level 2.4 Dodging
 - Level 2.4 Stealth
 - Level 12.0 Spellcasting
 + Level 10.1 Conjurations
 + Level 10.6 Fire Magic
 + Level 1.5 Earth Magic


You had 12 spell levels left.
You knew the following spells:

 Your Spells              Type           Power        Failure   Level  Hunger
a - Flame Tongue          Conj/Fire      #####        1%          1    None
b - Throw Flame           Conj/Fire      ######       1%          2    None
c - Conjure Flame         Conj/Fire      ######..     1%          3    None
d - Sticky Flame          Conj/Fire      ######..     1%          4    None
e - Fireball              Conj/Fire      ######....   1%          5    ###....
f - Sandblast             Erth           ###...       1%          1    None
g - Stone Arrow           Conj/Erth      #####.       1%          3    None
h - Passwall              Tmut/Erth      ###.....     4%          2    None

Your spell library contained the following spells:

 Spells                   Type           Power        Failure   Level  Hunger
 Airstrike                Air            ##........   11%         4    None
 Freeze                   Ice            ##..         1%          1    None
 Magic Dart               Conj           ####         1%          1    None
 Searing Ray              Conj           ######       1%          2    None
 Throw Frost              Conj/Ice       #####.       1%          2    None
 Dazzling Spray           Conj/Hex       #####.       1%          3    None
 Inner Flame              Hex/Fire       #####...     1%          3    None
 Force Lance              Conj/Tloc      #####...     1%          4    None
 Fulminant Prism          Conj/Hex       #####.....   1%          4    None
 Iskenderun's Mystic Bla  Conj           ######..     1%          4    None
 Throw Icicle             Conj/Ice       #####...     1%          4    None
 Animate Skeleton         Necr           N/A          4%          1    None
 Apportation              Tloc           ##....       4%          1    None
 Confusing Touch          Hex            ##....       4%          1    None
 Summon Small Mammal      Summ           ##..         4%          1    None
 Ozocubu's Armour         Chrm/Ice       ##......     13%         3    None
 Lee's Rapid Deconstruct  Erth           ###.......   17%         5    ###....
 Petrify                  Tmut/Erth      ###.....     30%         4    None
 Summon Ice Beast         Ice/Summ       ##......     38%         4    None


Dungeon Overview and Level Annotations

Branches:
Dungeon (10/15)            Temple (0/1) D:6
   Lair: D:8-11         Orc: D:9-12

Altars:
Elyvilon
Fedhas
Hepliaklqana
Qazlal
Ru
Sif Muna
Trog
Uskayaw
Vehumet


Message History

You start resting.
A centaur comes into view.
The centaur moves out of view.
You start resting.
The centaur is too close now for your liking.
Casting: Sticky Flame (safe; 1% risk of failure)
Confirm with . or Enter, or press ? or * to list all spells.
Aiming: Throw Flame (safe; 1% risk of failure)
Press: ? - help, Shift-Dir - straight line, f - centaur
Aim: a centaur (hasn't noticed you)
The puff of flame hits the centaur!
The centaur is heavily wounded.
The centaur shouts!
The centaur wields a +2 shortbow of flaming.
It bursts into flame!
The centaur shoots an arrow.
The arrow hits you!
* * * LOW HITPOINT WARNING * * *
The arrow burns you.
* * * LOW HITPOINT WARNING * * *
The centaur shoots an arrow.
The arrow hits you!
You die...

# .. ... .... #
.....
....#######......
.c.....@......?..
.................
.................
.............####
..+########+.# .
.# #


You could see a centaur.

Vanquished Creatures
  Pikel (D:7)
  2 hippogriffs
  Sigmund (D:3)
  5 yaks (D:6)
  3 water moccasins
  2 sky beasts
  A black bear (D:8)
  3 ice beasts
  2 orc warriors
  4 ogres
  A necrophage (D:7)
  2 centaurs
  8 bullfrogs
  3 big kobolds
  4 scorpions
  A killer bee (D:7)
  7 wights
  4 howler monkeys
  A centaur zombie (D:8)
  4 crimson imps
  3 jellies
  2 quasits
  6 hounds
  An orc priest (D:3)
  Crazy Yiuf (D:3)
  A bullfrog skeleton (D:4)
  3 centaur skeletons
  An iguana (D:5)
  8 orc wizards
  5 worker ants
  A killer bee zombie (D:8)
  A hound zombie (D:5)
  2 hound skeletons
  8 gnolls
  10 adders
  A shadow imp (D:7)
  An ooze (D:2)
  An adder zombie (D:8)
  5 dart slugs (D:1)
  A leopard gecko (D:9)
  29 orcs
  10 giant cockroaches
  9 hobgoblins
  24 kobolds
  3 quokkas
  2 ball pythons
  6 bats
  5 frilled lizards
  A giant cockroach zombie (D:6)
  11 goblins
  2 leopard gecko skeletons
  4 rats (D:2)
227 creatures vanquished.

Vanquished Creatures (others)
  2 slaves (D:7)
  2 wights (D:7)
  An ooze (D:7)
  2 orcs (D:7)
7 creatures vanquished.

Grand Total: 234 creatures vanquished

Notes
Turn   | Place    | Note
-------+----------+-------------------------------------------
     0 | D:1      | Spazmo the Deep Elf Fire Elementalist began the quest for
                  | the Orb.
     0 | D:1      | Reached XP level 1. HP: 10/10 MP: 6/6
   193 | D:1      | Reached XP level 2. HP: 15/15 MP: 5/8
   200 | D:1      | Learned a level 2 spell: Throw Flame
   881 | D:2      | Reached XP level 3. HP: 15/19 MP: 5/10
   934 | D:2      | Reached skill level 4 in Spellcasting
  1205 | D:2      | Found a sacrificial altar of Ru.
  1313 | D:2      | Found a stormy altar of Qazlal.
  1371 | D:2      | Reached XP level 4. HP: 24/24 MP: 9/12
  1384 | D:2      | Learned a level 3 spell: Conjure Flame
  1389 | D:2      | Learned a level 4 spell: Sticky Flame
  1852 | D:3      | Reached XP level 5. HP: 24/28 MP: 4/14
  1915 | D:3      | Found a runed translucent door.
  1916 | D:3      | Noticed Crazy Yiuf
  1968 | D:3      | Killed Crazy Yiuf
  2022 | D:3      | Reached skill level 5 in Spellcasting
  2071 | D:3      | Found a faded altar of an unknown god.
  2089 | D:3      | Noticed Sigmund
  2108 | D:3      | Killed Sigmund
  2108 | D:3      | Reached skill level 5 in Fire Magic
  2108 | D:3      | Reached XP level 6. HP: 30/32 MP: 7/16
  2115 | D:3      | Learned a level 5 spell: Fireball
  2253 | D:3      | Reached skill level 6 in Spellcasting
  2474 | D:4      | Reached XP level 7. HP: 36/36 MP: 12/18
  2526 | D:4      | Reached skill level 5 in Conjurations
  2571 | D:4      | Reached skill level 7 in Spellcasting
  3129 | D:4      | Reached XP level 8. HP: 41/41 MP: 14/21
  3146 | D:4      | Found a hazy altar of Hepliaklqana.
  3189 | D:5      | Entered Level 5 of the Dungeon
  3280 | D:5      | Reached skill level 8 in Spellcasting
  3411 | D:5      | Found a radiant altar of Vehumet.
  3418 | D:5      | Became a worshipper of Vehumet
  3573 | D:5      | Found a white marble altar of Elyvilon.
  3990 | D:6      | Reached skill level 9 in Spellcasting
  4064 | D:6      | Got a pitted dagger
  4065 | D:6      | Identified the +6 dagger "Dutonur" {venom, MR+ Dex+3} (You
                  | found it on level 6 of the Dungeon)
  4278 | D:6      | Found a staircase to the Ecumenical Temple.
  4284 | D:6      | Reached * piety under Vehumet
  4284 | D:6      | Offered knowledge of Sting by Vehumet.
  4335 | D:6      | Reached XP level 9. HP: 45/45 MP: 20/24
  4403 | D:6      | Reached skill level 10 in Spellcasting
  5384 | D:7      | Offered knowledge of Shock by Vehumet.
  5399 | D:7      | Reached ** piety under Vehumet
  5554 | D:7      | Noticed Pikel
  5577 | D:7      | Killed Pikel
  5577 | D:7      | Reached skill level 11 in Spellcasting
  5577 | D:7      | Reached XP level 10. HP: 46/50 MP: 20/27
  6047 | D:8      | Reached skill level 10 in Fire Magic
  6056 | D:8      | Offered knowledge of Static Discharge by Vehumet.
  6372 | D:8      | Found a bloodstained altar of Trog.
  6472 | D:8      | Reached *** piety under Vehumet
  6540 | D:8      | Found a hide-covered altar of Uskayaw.
  6540 | D:8      | Found a deep blue altar of Sif Muna.
  6978 | D:9      | Reached skill level 12 in Spellcasting
  6982 | D:9      | Reached skill level 10 in Conjurations
  7046 | D:7      | Learned a level 1 spell: Sandblast
  7050 | D:7      | Learned a level 3 spell: Stone Arrow
  7053 | D:7      | Learned a level 2 spell: Passwall
  7145 | D:9      | Offered knowledge of Airstrike by Vehumet.
  7230 | D:9      | Reached skill level 1 in Earth Magic
  7521 | D:9      | Found a blossoming altar of Fedhas.
  7652 | D:9      | Upgraded the game from 0.24-a0-471-g3302cd4 to
                  | 0.24-a0-474-g47c397e
  7681 | D:10     | Entered Level 10 of the Dungeon
  7733 | D:10     | Shot with an arrow by a centaur

Levels and vault maps discovered:
D:1:      dpeg_arrival_shrine, layout_loops_ring
D:2:      layout_rooms, marbit_many_paths, overflow_temple_1_default,
          minmay_randomly_rotated_circles
D:3:      layout_basic, chequers_ecumenical_altar_island,
          uniq_crazy_yiuf_cottage, uniq_sigmund
D:4:      layout_rooms, lemuel_coloured_pillars_altar,
          hangedman_decor_clover_reticule
D:5:      layout_rooms, overflow_temple_1_default, first_ration,
          elyvilon_altar_3
D:6:      kb_forest_paths, layout_basic, nrook_mini_backslash
D:7:      minmay_evil_eye, layout_rooms, serial_glass, glass_columns_b,
          glass_columns_a, item_on_display_b, due_unseen_surprise,
          feat_on_display, uniq_pikel
D:8:      layout_cave_pools, bloody_trog, amethyst_overflow_temple_binary,
          roderic_lattice_a, st_stairs_3
D:9:      layout_loops_cross, lemuel_round_altar, blue_anna_alchemist
          [blue_anna_fruit_fields, blue_anna_fruit_fields]
D:10:     layout_big_octagon, dpeg_oklobed_lair, nicolae_benzene_ring,
          minivault_11, st_stairs_6, nicolae_gozag_zags_fifth_avenue

Skill      XL: |  1  2  3  4  5  6  7  8  9 10 |
---------------+-------------------------------+-----
Conjurations   | 2 3 4 5 7 9 10 | 10.1
Spellcasting   | 4 5 6 7 9 11 12 | 12.0
Fire Magic     | 4 5 6 8 9 10 | 10.6
Earth Magic    | 1 |  1.5
Dodging        | |  2.4
Stealth        | |  2.4

Action                   |  1- 3 |  4- 6 |  7- 9 | 10-12 || total
-------------------------+-------+-------+-------+-------++-------
Melee: Quarterstaff      |       |       |    38 |       ||    38
       Dagger            |       |       |    15 |    27 ||    42
 Cast: Flame Tongue      |    78 |    65 |   187 |   105 ||   435
       Throw Flame       |       |    14 |    33 |    12 ||    59
       Sticky Flame      |       |     2 |    17 |    24 ||    43
       Conjure Flame     |       |       |     2 |       ||     2
       Fireball          |       |       |     3 |     4 ||     7
       Passwall          |       |       |       |     2 ||     2
  Use: Scroll            |     5 |     2 |     4 |     6 ||    17
       Potion            |     1 |     1 |     2 |       ||     4
 Stab: Confused          |       |       |     1 |       ||     1
  Eat: Chunk             |     1 |     4 |    10 |     5 ||    20
       Ration            |       |       |       |     1 ||     1
Armor: Robe              |     4 |     4 |    18 |    21 ||    47
Dodge: Dodged            |    19 |    12 |    70 |    55 ||   156
Block: Other             |       |       |    14 |    15 ||    29
       Reflection        |       |       |       |     3 ||     3

Table legend:
 A = Non-vault XP
 B = Vault XP
 C = Vault XP percentage of total XP
 D = Non-vault monster count
 E = Vault monster count
 F = Vault count percentage of total count
                 A         B        C        D         E       F
            +---------+---------+-------+---------+---------+-------
      Total |    6958 |    1688 |  19.5 |     209 |      20 |   8.7
            +---------+---------+-------+---------+---------+-------
        D:1 |      40 |       0 |   0.0 |      18 |       0 |   0.0
        D:2 |     123 |      11 |   8.2 |      27 |       7 |  20.6
        D:3 |     264 |     266 |  50.2 |      29 |       2 |   6.5
        D:4 |     729 |       0 |   0.0 |      17 |       0 |   0.0
        D:5 |     862 |       0 |   0.0 |      21 |       0 |   0.0
        D:6 |    1559 |     161 |   9.4 |      18 |       4 |  18.2
        D:7 |    1316 |     960 |  42.2 |      44 |       4 |   8.3
        D:8 |    1196 |     190 |  13.7 |      26 |       2 |   7.1
        D:9 |     733 |     100 |  12.0 |       8 |       1 |  11.1
       D:10 |     136 |       0 |   0.0 |       1 |       0 |   0.0
            +---------+---------+-------+---------+---------+-------
